Map: Blackpink LE

Players

Rakky - Winner!

  • Race: Protoss Protoss
  • League: Diamond
  • Spawn Location: 7:00

Robola

  • Race: Terran Terran
  • League: Diamond
  • Spawn Location: 1:00

VOD

Have the link to the VOD?

Description

wtf

Time

  • Played on: March 8, 2018, 1:53 p.m.
  • Length: 5:22
Show
View Real Time Build Order
Export as new Build Order

Rakky Protoss - Winner!

Build Orders:  

Get SALT Encoding   

  12  0:02  Probe  
  13  0:14  Probe  
  13  0:20  Pylon  
  14  0:26  Probe  
  15  0:38  Probe  
  15  0:41  Gateway  
  16  0:50  Assimilator  
  16  0:52  Probe (Chrono Boost)  
  17  0:58  Assimilator  
  17  1:02  Probe (Chrono Boost)  
  18  1:07  Probe (Chrono Boost)  
  19  1:14  Gateway  
  19  1:20  Probe  
  20  1:30  Cybernetics Core  
  20  1:32  Probe  
  21  1:40  Pylon  
  21  1:44  Probe  
  22  1:57  Probe  
  23  2:01  Warp Gate (Chrono Boost)  
  23  2:07  Stalker x2  
  27  2:26  Pylon  
  27  2:29  Robotics Facility  
  27  2:47  Stalker  
  27  2:48  Stalker  
  31  2:54  Gateway  
  31  3:04  Pylon  
  31  3:18  Immortal (Chrono Boost)  
  35  3:51  Stalker x3  
  41  4:03  Pylon  
  37  4:18  Stalker x2  
  37  4:19  Stalker  
  43  4:41  Immortal  
  43  4:43  Zealot x2  
  49  5:13  Stalker x3  
Show
View Real Time Build Order
Export as new Build Order

Robola Terran 

Build Orders:  

Get SALT Encoding   

  12  0:01  SCV  
  13  0:13  SCV  
  14  0:18  Supply Depot  
  14  0:25  SCV  
  15  0:39  SCV  
  15  0:41  Barracks  
  16  0:44  Refinery  
  16  0:51  SCV  
  17  1:04  SCV  
  18  1:16  SCV  
  19  1:28  Orbital Command  
  19  1:31  Barracks Reactor  
  19  1:44  Command Center  
  19  1:54  SCV  
  19  1:55  Supply Depot  
  20  2:06  Factory  
  20  2:07  Marine  
  21  2:09  Marine  
  21  2:11  SCV  
  23  2:23  SCV  
  23  2:25  Marine  
  23  2:26  Marine  
  26  2:43  Marine  
  26  2:44  Marine  
  26  2:48  SCV  
  26  2:50  Bunker  
  28  2:52  Widow Mine  
  28  2:53  Starport  
  30  2:58  Orbital Command  
  30  3:00  SCV  
  30  3:02  Marine  
  30  3:04  Marine  
  33  3:13  SCV  
  34  3:20  Marine  
  34  3:22  Marine  
  34  3:25  SCV, Widow Mine  
  39  3:32  Refinery  
  39  3:36  Barracks  
  39  3:38  SCV  
  39  3:39  Medivac  
  39  3:40  SCV  
  43  3:43  Marine  
  43  3:45  Marine  
  45  3:56  SCV  
  45  4:01  Supply Depot  
  46  4:03  Supply Depot  
  46  4:09  SCV  
  46  4:12  Widow Mine  
  46  4:16  Marine x2  
  46  4:23  Bunker  
  44  4:24  Marine  
  44  4:26  Bunker  
  43  4:34  Marine x2  
  38  4:42  Marine  
  35  4:51  Marine  
  33  4:56  Orbital Command  
  33  5:00  Marine  
Tags
 
Add a new tag
Caveats
  • Supply blocks, unpowered buildings, or Contaminate may cause inaccurate times.
  • Supply counts are checked every 10 seconds.